 Dungeon Crawl Stone Soup version 0.26.1 (webtiles) character file.

Game seed: 16359506543207444708

39041 Gadfly the Carver (level 13, -3/115 HPs)
             Began as a Palentonga Berserker on Feb 4, 2021.
             Was a High Priest of Trog.
             Slain by a dire elephant (7 damage)
             ... on level 6 of the Lair of Beasts.
             The game lasted 00:46:53 (24806 turns).

Gadfly the Carver (Palentonga Berserker)           Turns: 24806, Time: 00:46:54

Health: -3/115     AC: 28    Str: 25    XL:     13   Next: 67%
Magic:  4/4        EV: 16    Int:  8    God:    Trog [*****.]
Gold:   964        SH:  5    Dex: 13    Spells: 12/12 levels left

rFire    + . .     SeeInvis +   a - +5 great sword (antimagic)
rCold    . . .     Faith    .   (shield currently unavailable)
rNeg     . . .     Spirit   .   E - +1 ring mail of Agoraphobia {rPois rF+ Will+}
rPois    +         Reflect  +   i - +1 helmet
rElec    .         Harm     .   q - +0 cloak
rCorr    +         Rampage  .   O - +2 pair of gloves of the Northern Lights {Will+ rCorr Dex-2 Stlth+}
Will     +++..                  P - +0 barding
Stlth    +.........             H - amulet of reflection
HPRegen  0.29/turn              V - +4 ring of evasion
MPRegen  0.09/turn              N - ring "Zopuac" {Will+ Dex+5 Stlth-}

@: berserk cooldown, slowed, curled up, very slow
A: large, rugged brown scales 3, see invisible, deformed body, roll 1, armoured
tail, reflexive curl
a: Rolling Charge, Renounce Religion, Berserk, Trog's Hand, Brothers in Arms


You were on level 6 of the Lair of Beasts.
You worshipped Trog.
Trog was extremely pleased with you.
You visited 3 branches of the dungeon, and saw 16 of its levels.
You also visited: Gauntlet.

You collected 964 gold pieces.

Inventory:

Hand Weapons
 a - a +5 antimagic great sword (weapon)
 b - a +4 antimagic triple sword
 z - a +2 rapier of venom
 B - the +9 hand axe of Fijiorhi {protect, rF+++ rN++ Str-3}
   (You found it on level 7 of the Dungeon)

   It grants its wielder temporary protection when it strikes (+7 to AC).
   It affects your strength (-3).
   It renders you almost immune to fire.
   It greatly protects you from negative energy.
 R - a +4 long sword
Armour
 i - a +1 helmet (worn)
 q - a +0 cloak (worn)
 r - a +0 leather armour of fire resistance
 y - the +0 scale mail of Quantum Leap {+Blink rF+ rC+}
   (You found it on level 7 of the Dungeon)

   It protects you from fire.
   It protects you from cold.
   It lets you blink.
 E - the +1 ring mail of Agoraphobia (worn) {rPois rF+ Will+}
   (You found it on level 8 of the Dungeon)

   It protects you from fire.
   It protects you from poison.
   It affects your willpower, your defense against some magical effects.
 O - the +2 pair of gloves of the Northern Lights (worn) {Will+ rCorr Dex-2 Stlth+}
   (You found it in a Gauntlet)

   It affects your dexterity (-2).
   It affects your willpower, your defense against some magical effects.
   It provides partial protection from all sources of acid and corrosion.
   It makes you more stealthy.
 P - a +0 barding (worn)
Jewellery
 g - a +4 ring of protection
 u - an uncursed ring of protection from fire
 H - an amulet of reflection (around neck)
 N - the ring "Zopuac" (right hand) {Will+ Dex+5 Stlth-}
   (You found it in a Gauntlet)

   [ring of willpower]

   It affects your dexterity (+5).
   It affects your willpower, your defense against some magical effects.
   It makes you less stealthy.
 U - a +6 ring of dexterity
 V - a +4 ring of evasion (left hand)
Wands
 m - a wand of random effects (18)
 o - a wand of enslavement (6)
 A - a wand of disintegration (3)
 C - a wand of flame (59)
 J - a wand of iceblast (12)
 S - a wand of acid (7)
Scrolls
 e - 5 scrolls of enchant weapon
 k - 3 scrolls of fog
 l - a scroll of fear
 t - 9 scrolls of teleportation
 w - a scroll of magic mapping
 D - 4 scrolls of remove curse
 F - a scroll of summoning
 G - 3 scrolls of enchant armour
 K - 2 scrolls of identify
 Q - 2 scrolls of blinking
Potions
 c - 5 potions of haste
 d - 3 potions of lignification
 f - 2 potions of attraction
 h - 2 potions of flight
 j - a potion of mutation
 n - 3 potions of resistance
 p - 7 potions of curing
 s - a potion of heal wounds
 v - a potion of might
 x - a potion of cancellation
 T - a potion of ambrosia
Miscellaneous
 I - a condenser vane
 L - a phantom mirror (inert)
 M - a lightning rod (4/4)


   Skills:
 + Level 8.7 Fighting
 * Level 11.7 Long Blades
 * Level 9.8 Armour
 * Level 9.8 Dodging
 * Level 10.4 Evocations


You had 12 spell levels left.
You didn't know any spells.
Your spell library was empty.

Dungeon Overview and Level Annotations

Branches:
Dungeon (9/15)             Temple (1/1) D:7            Lair (6/6) D:9
 Shoals (0/4) Lair:2        Snake (0/4) Lair:2        Slime (0/5) Lair:6
    Orc (0/2) D:9         Gauntlet (visited)

Altars:
Ashenzari
Cheibriados
Dithmenos
Elyvilon
Fedhas
Gozag
Hepliaklqana
Kikubaaqudgha
Makhleb
Nemelex Xobeh
Okawaru
Qazlal
Ru
Sif Muna
Trog
Uskayaw
Vehumet
Wu Jian
Xom
Yredelemnul
Zin
The Shining One

Shops:
D:9 *

Annotations:
D:7 2 transporters, Zdeegee's ghost, novice MiFi


Innate Abilities, Weirdness & Mutations

You are completely covered in rugged brown scales. (AC +3, +7% HP)
You have supernaturally acute eyesight. (SInv)
Armour fits poorly on your strangely shaped body.
You can roll at nearby foes to attack.
You have a long armoured tail.
You curl defensively after being hit.


Message History

You feel much better. The dire elephant tramples you.
You hold your ground!
The dire elephant trunk-slaps you but does no damage.
The dire elephant tramples you but does no damage.
You block the dire elephant's attack.
The dire elephant tramples you but does no damage.
The dire elephant barely misses you.
Your dire elephant barely misses the dire elephant.
Your dire elephant trunk-slaps the dire elephant but does no damage.
The dire elephant tramples you!
* * * LOW HITPOINT WARNING * * *
You stumble backwards!
You block the dire elephant's attack. The dire elephant barely misses you.
Unknown command.
You hit the dire elephant but do no damage.
The dire elephant is heavily wounded.
The dire elephant tramples you!!
* * * LOW HITPOINT WARNING * * *
You stumble backwards!
You block the dire elephant's attack. The dire elephant closely misses you.
The dire elephant tramples you!
You die...

# ##### .##.##### ###
.....##.####.##
....(.........#
.............## ♣♣
..#..........###### ♣[♣
.####........##.@P# ♣8♣##
..####.......##.YY# ♣..#
.P.# #.......##.T.# #..#
..P###.......##.Y.# ##..##
..P.##.......♣#...#####....#
....#........♣#!..'...#....#
..P♣♣♣........######..'....#
≈(♣♣♣.........♣# #...8#...##
≈♣♣ ♣♣.........♣ #.####....#


You could see 2 dire elephants, a friendly dire elephant (summoned, drained) and
a friendly iron troll (summoned, berserk).

Vanquished Creatures
  Gastronok (D:8)
  A minotaur (Gauntlet)
  4 hydras
  An anaconda (Lair:6)
  A boulder beetle (D:9)
  2 catoblepae
  A two-headed ogre (D:9)
  A hell hog (Gauntlet)
  5 death yaks
  3 oklob plants
  2 deep elf magi
  2 manticores
  A black mamba (Lair:4)
  5 elephants
  A hellion (Gauntlet)
  9 cane toads
  2 torpor snails
  8 komodo dragons
  A rime drake (Lair:1)
  A freezing wraith (D:9)
  The ghost of KittyFluff the Cudgeller, a novice GrBe of Trog (D:4)
  A red devil (Gauntlet)
  A polar bear (Lair:6)
  A troll (D:9)
  A hornet (D:9)
  A wind drake (Lair:2)
  A slime creature (D:9)
  Prince Ribbit (D:6)
  16 blink frogs
  A shadow (D:9)
  2 basilisks
  4 fire bats (Gauntlet)
  13 yaks
  3 nagas (Lair:2)
  A hell hound (Gauntlet)
  18 water moccasins
  4 orc warriors
  2 phantoms
  A sky beast (D:9)
  2 black bears
  3 ice beasts
  3 ogres
  8 wolves (Lair:6)
  5 centaurs
  9 bullfrogs
  2 big kobolds
  A gnoll sergeant (D:8)
  A scorpion (D:9)
  3 wights (D:9)
  10 electric eels
  2 howler monkeys
  A quasit (D:5)
  2 bullfrog zombies
  4 jellies
  Crazy Yiuf (D:3)
  5 orc priests
  A hound (D:9)
  2 bullfrog skeletons
  2 iguanas (D:4)
  14 orc wizards
  7 hell rats (Lair:3)
  4 worker ants
  A hound zombie (D:4)
  A worker ant zombie (D:9)
  Robin (D:2)
  8 adders
  4 gnolls (D:8)
  2 shadow imps
  A white imp (D:8)
  3 oozes (D:3)
  2 adder skeletons
  3 worms
  5 dart slugs
  8 leopard geckos
  30 orcs
  6 giant cockroaches
  14 goblins
  6 hobgoblins
  16 kobolds
  5 quokkas
  3 ball pythons
  4 bats
  3 frilled lizards
  2 goblin skeletons (D:5)
  2 hobgoblin zombies (D:5)
  A jackal simulacrum (D:9)
  A jackal zombie (D:5)
  2 kobold skeletons (D:5)
  A kobold zombie (D:5)
  A leopard gecko skeleton (D:4)
  A leopard gecko zombie (D:4)
  2 orc zombies (D:5)
  A quokka zombie (D:4)
  2 rats (D:1)
359 creatures vanquished.

Vanquished Creatures (collateral kills)
  A dire elephant (Lair:6)
1 creature vanquished.

Vanquished Creatures (others)
  Nessos (Lair:6)
  A water moccasin (Lair:5)
  A worker ant (D:7)
  35 fungi
  87 plants
125 creatures vanquished.

Grand Total: 485 creatures vanquished

Notes
Turn   | Place    | Note
-------+----------+-------------------------------------------
     0 | D:1      | Gadfly the Palentonga Berserker began the quest for the
                  | Orb.
     0 | D:1      | Reached XP level 1. HP: 20/20 MP: 1/1
   248 | D:1      | Reached XP level 2. HP: 24/27 MP: 2/2
   885 | D:2      | Found a radiant altar of Vehumet.
   886 | D:2      | Found a basalt altar of Yredelemnul.
   886 | D:2      | Found a stormy altar of Qazlal.
   888 | D:2      | Found a sacrificial altar of Ru.
   912 | D:2      | Reached skill level 1 in Evocations
   914 | D:2      | Reached XP level 3. HP: 19/33 MP: 3/3
   918 | D:2      | Reached ** piety under Trog
  1181 | D:2      | Found a faded altar of an unknown god.
  1377 | D:2      | Noticed Robin
  1401 | D:2      | Killed Robin
  1603 | D:2      | Found a blossoming altar of Fedhas.
  1870 | D:3      | Reached XP level 4. HP: 40/40 MP: 4/4
  2390 | D:3      | Reached XP level 5. HP: 43/48 MP: 5/5
  2518 | D:3      | Reached *** piety under Trog
  2722 | D:3      | Found a runed translucent door.
  2723 | D:3      | Noticed Crazy Yiuf
  2731 | D:3      | Killed Crazy Yiuf
  3036 | D:4      | Reached skill level 4 in Long Blades
  3054 | D:4      | Reached XP level 6. HP: 52/54 MP: 6/6
  3400 | D:4      | Found a runed translucent gate.
  3400 | D:4      | Found a runed translucent gate.
  3401 | D:4      | Found a runed translucent gate.
  3409 | D:4      | You fall into a shaft and drop 2 floors!
  3618 | D:6      | Gained mutation: You curl defensively after being hit.
                  | [Palentonga growth]
  3618 | D:6      | Reached XP level 7. HP: 62/62 MP: 7/7
  3714 | D:5      | Entered Level 5 of the Dungeon
  4067 | D:4      | Noticed KittyFluff's ghost (novice GrBe)
  4332 | D:4      | Got a scorched ring mail
  4343 | D:4      | Identified the +0 ring mail of Midwinter {rCorr Int+4} (You
                  | found it on level 4 of the Dungeon)
  4404 | D:4      | Killed KittyFluff's ghost
  4405 | D:4      | Reached skill level 5 in Long Blades
  4584 | D:5      | Found a glowing golden altar of the Shining One.
  4601 | D:5      | Reached XP level 8. HP: 61/70 MP: 8/8
  4612 | D:5      | Reached **** piety under Trog
  4744 | D:5      | Found a shimmering blue altar of Sif Muna.
  5348 | D:6      | Noticed Prince Ribbit
  6066 | D:6      | Killed Prince Ribbit
  6339 | D:6      | Reached skill level 6 in Long Blades
  6696 | D:7      | Noticed a deep elf mage
  6706 | D:7      | Killed a deep elf mage
  6707 | D:7      | Reached skill level 5 in Dodging
  6707 | D:7      | Reached XP level 9. HP: 63/78 MP: 9/9
  6780 | D:7      | Reached skill level 5 in Armour
  6780 | D:7      | Reached skill level 5 in Evocations
  6937 | D:7      | Reached skill level 5 in Fighting
  6983 | D:7      | Got a faintly humming scale mail
  6994 | D:7      | Identified the cursed +0 scale mail of Quantum Leap {+Blink
                  | rF+ rC+} (You found it on level 7 of the Dungeon)
  7325 | D:7      | Found a staircase to the Ecumenical Temple.
  7331 | D:7      | Found a transporter.
  7331 | D:7      | Noticed Zdeegee's ghost (novice MiFi)
  7340 | D:7      | Got a sapphire hand axe
  7343 | Temple   | Entered the Ecumenical Temple
  8045 | D:7      | Found a transporter.
  8630 | D:8      | Found a transporter.
  8662 | D:8      | Found a transporter.
  8872 | D:8      | Reached ***** piety under Trog
  8876 | D:8      | Reached skill level 7 in Long Blades
  9092 | D:8      | Identified the +9 hand axe of Fijiorhi {protect, rF+++ rN++
                  | Str-3} (You found it on level 7 of the Dungeon)
  9116 | D:8      | Got a dazzling ring mail
  9127 | D:8      | Identified the cursed +1 ring mail of Agoraphobia {rPois
                  | rF+ Will+} (You found it on level 8 of the Dungeon)
  9822 | D:8      | Noticed Gastronok
  9833 | D:8      | Killed Gastronok
  9834 | D:8      | Reached XP level 10. HP: 88/88 MP: 10/10
 10351 | D:9      | Reached skill level 8 in Long Blades
 10636 | D:9      | Found a staircase to the Orcish Mines.
 11127 | D:9      | Found Emaygg's Assorted Antiques.
 11437 | D:9      | Noticed a two-headed ogre
 11445 | D:9      | Killed a two-headed ogre
 11474 | D:9      | Noticed a deep elf mage
 11479 | D:9      | Killed a deep elf mage
 11480 | D:9      | Reached XP level 11. HP: 55/96 MP: 11/11
 11840 | D:9      | Noticed a boulder beetle
 11848 | D:9      | Killed a boulder beetle
 11956 | D:9      | Found a staircase to the Lair.
 12309 | Lair:1   | Entered Level 1 of the Lair of Beasts
 12331 | Lair:1   | Reached skill level 9 in Long Blades
 12431 | Lair:1   | Found a gate leading to a gauntlet.
 12440 | Gauntlet | Entered a Gauntlet
 12440 | Gauntlet | Found a transporter.
 12450 | Gauntlet | Found a transporter.
 12450 | Gauntlet | Noticed a hell hog
 12461 | Gauntlet | Found a runed translucent door.
 12464 | Gauntlet | Found a transporter.
 12466 | Gauntlet | Found a transporter.
 12475 | Gauntlet | Noticed a green death
 12487 | Gauntlet | Found a transporter.
 12500 | Gauntlet | Found a transporter.
 12513 | Gauntlet | Found a transporter.
 12519 | Gauntlet | Noticed a hell beast
 12534 | Gauntlet | Found a transporter.
 12536 | Gauntlet | Found a transporter.
 12544 | Gauntlet | Found a transporter.
 12555 | Gauntlet | Noticed a ghost crab
 12574 | Gauntlet | Found a transporter.
 12574 | Gauntlet | Found a transporter.
 12613 | Gauntlet | Killed a hell hog
 12679 | Gauntlet | Got a vibrating granite ring
 12680 | Gauntlet | Identified the ring "Zopuac" {Will+ Dex+5 Stlth-} (You
                  | found it in a Gauntlet)
 12732 | Gauntlet | Noticed a minotaur
 12747 | Gauntlet | Killed a minotaur
 13081 | Gauntlet | Got a pair of pitted gloves
 13094 | Lair:1   | Identified the +2 pair of gloves of the Northern Lights
                  | {Will+ rCorr Dex-2 Stlth+} (You found it in a Gauntlet)
 13913 | Lair:1   | Noticed an oklob plant
 13913 | Lair:1   | Noticed an oklob plant
 14181 | Lair:1   | Killed an oklob plant
 14186 | Lair:1   | Killed an oklob plant
 15109 | Lair:2   | Reached XP level 12. HP: 103/107 MP: 12/12
 15368 | Lair:2   | Found a staircase to the Shoals.
 15625 | Lair:2   | Reached skill level 10 in Long Blades
 15733 | Lair:2   | Found a staircase to the Snake Pit.
 16397 | Lair:3   | Noticed a catoblepas
 16420 | Lair:3   | Killed a catoblepas
 16589 | Lair:3   | Noticed a four-headed hydra
 16597 | Lair:3   | Killed a four-headed hydra
 16822 | Lair:3   | Noticed a seven-headed hydra
 16831 | Lair:3   | Killed a seven-headed hydra
 18204 | Lair:4   | Received a gift from Trog
 19356 | Lair:4   | You fall into a shaft and drop 1 floor!
 20300 | Lair:5   | Noticed a catoblepas
 20329 | Lair:5   | Killed a catoblepas
 20606 | Lair:5   | Found the +8 whip "Snakebite" {curare, rPois}
 20762 | Lair:5   | Noticed a death yak
 20762 | Lair:5   | Noticed a death yak
 20763 | Lair:5   | Noticed a death yak
 20773 | Lair:5   | Noticed a death yak
 20775 | Lair:5   | Noticed a death yak
 20805 | Lair:4   | Killed a death yak
 20806 | Lair:4   | Reached skill level 11 in Long Blades
 20806 | Lair:4   | Reached XP level 13. HP: 58/114 MP: 13/13
 22158 | Lair:6   | Entered Level 6 of the Lair of Beasts
 22446 | Lair:6   | Reached skill level 10 in Evocations
 22676 | Lair:6   | Noticed Nessos
 22681 | Lair:6   | Found a staircase to the Slime Pits.
 22686 | Lair:6   | Killed Nessos
 22895 | Lair:6   | Received a gift from Trog
 24762 | Lair:6   | Noticed a dire elephant
 24776 | Lair:6   | Noticed a dire elephant
 24776 | Lair:6   | Noticed a dire elephant
 24800 | Lair:6   | Killed a dire elephant
 24806 | Lair:6   | HP: 4/115 [dire elephant (28)]
 24806 | Lair:6   | Slain by a dire elephant

Illustrated notes

Levels and vault maps discovered:
D:1:      minmay_arrival_statue_studded, layout_loops_ring
D:2:      layout_loops_ring, grunt_temple_overflow_open,
          chequers_ecumenical_altar_simple_redux, fedhas_altar_fruit_tree,
          uniq_robin
D:3:      layout_rooms, kennysheep_flooded_box, uniq_crazy_yiuf_cottage
D:4:      layout_gridville, gammafunk_ghost_necromancy,
          chequers_serial_rivers_room_b
D:5:      layout_loops_ring, nicolae_tso_besieged_by_evil, lemuel_round_altar
D:6:      layout_gridville, uniq_prince_ribbit1
D:7:      layout_basic, minmay_temple_entry_drinking_statues,
          gammafunk_ghost_arena
D:8:      gammafunk_steamed_eel, layout_loops_ring, serial_bayou_lake_a,
          uniq_gastronok
D:9:      minmay_chopped_fan, layout_long_grid, david_lair_shrubbed,
          serial_shops, kennysheep_little_box, corexii_corridor_pit,
          serial_bayou_pond_b, nicolae_wwwww, small_chamber_with_monster
Temple:   kb_temple_of_zot
Lair:1:   layout_cave_pods, gauntlet_entry_generic, minmay_lair_oklob_chamber,
          lemuel_fruit_fields, grunt_megastairs_5
Lair:2:   layout_cave_pods, minmay_shoals_entry_beasts,
          minmay_snake_entry_guardpost_small, nicolae_lair_grove_arrangements,
          disabler_island, serial_bayou_shore_b, serial_bayou_shore_b,
          lemuel_fruit_fields, serial_bayou_shore_a
Lair:3:   layout_cave_pods
Lair:4:   nzn_winding_woodlands_small [nzn_winding_woodlands_5x15_default,
          nzn_winding_woodlands_center_garden,
          nzn_winding_woodlands_5x15_crooked], layout_layer_cave,
          serial_bayou_shore_b
Lair:5:   minmay_guarded_unrand_snakebite, layout_hall_layers
Lair:6:   due_jungle_book, layout_regular_city, minmay_slime_entry_oklob_open,
          nicolae_quartered_pool_medium, wad_woods_river_01,
          serial_bayou_shore_b, uniq_nessos

Skill      XL: |  1  2  3  4  5  6  7  8  9 10 11 12 13 |
---------------+----------------------------------------+-----
Armour         | 2 3 4 6 8 9 |  9.8
Evocations     | 1 2 3 4 6 7 8 9 10 | 10.4
Dodging        | 2 3 4 5 6 8 9 |  9.8
Long Blades    | 4 5 6 7 8 9 11 | 11.7
Fighting       | 4 5 6 7 8 |  8.7

Action                   |  1- 3 |  4- 6 |  7- 9 | 10-12 | 13-15 || total
-------------------------+-------+-------+-------+-------+-------++-------
Melee: Falchion          |   102 |    11 |       |       |       ||   113
       Tailslap          |    12 |    23 |    47 |   135 |    51 ||   268
       Dagger            |       |   132 |   404 |   403 |    37 ||   976
       Long sword        |       |       |    22 |   250 |   105 ||   377
       Whip              |       |       |       |     9 |       ||     9
       Triple sword      |       |       |       |     2 |       ||     2
       Great sword       |       |       |       |       |    57 ||    57
Invok: Berserk           |     2 |       |     4 |    13 |     3 ||    22
       Brothers in Arms  |       |       |       |     1 |     1 ||     2
 Abil: Rolling Charge    |    14 |    18 |    28 |    33 |     8 ||   101
Evoke: Wand              |       |       |     4 |    33 |    12 ||    49
       Lightning rod     |       |       |       |       |     1 ||     1
       Phantom mirror    |       |       |       |       |     1 ||     1
  Use: Scroll            |     6 |       |    15 |    12 |     2 ||    35
       Potion            |     2 |       |     1 |     1 |     3 ||     7
Armor: Animal skin       |    10 |       |       |       |       ||    10
       Ring mail         |    25 |    24 |   157 |   226 |    94 ||   526
       Leather armour    |       |    38 |    10 |       |       ||    48
Dodge: Dodged            |    55 |    73 |   173 |   283 |   147 ||   731
Block: Other             |       |       |       |    94 |    54 ||   148
       Reflection        |       |       |       |     1 |     3 ||     4
       Rpst.: Falchion   |    17 |     1 |       |       |       ||    18
       Long sword        |       |       |       |    39 |    25 ||    64
       Great sword       |       |       |       |       |     8 ||     8
